Map: Cactus Valley LE (Void)

Players

dashet

  • Race: Zerg Zerg
  • League: Diamond
  • Spawn Location: 7:00

Musumeci - Winner!

  • Race: Zerg Zerg
  • League: Diamond
  • Spawn Location: 5:00

VOD

Have the link to the VOD?

Description

Time

  • Played on: March 8, 2017, 8:13 a.m.
  • Length: 5:27
Show
View Real Time Build Order
Export as new Build Order

dashet Zerg 

Build Orders: Hatch First, Zergling Baneling 

Get SALT Encoding   

  12  0:02  Drone  
  13  0:13  Overlord  
  13  0:17  Drone  
  14  0:31  Drone x2  
  16  0:36  Drone  
  17  0:56  Hatchery, Drone  
  17  0:59  Extractor  
  17  1:01  Drone  
  17  1:17  Spawning Pool  
  16  1:19  Drone  
  16  1:24  Drone  
  18  1:30  Drone  
  19  1:50  Overlord  
  19  2:03  Queen  
  19  2:05  Zergling x2  
  22  2:10  Zergling x2  
  22  2:11  Baneling Nest  
  22  2:13  Extractor  
  22  2:14  Drone  
  22  2:16  Drone  
  22  2:19  Queen  
  25  2:32  Drone x3  
  28  2:50  Drone x2  
  28  2:51  Overlord  
  30  2:55  Lair  
  30  2:59  Drone  
  30  3:01  Drone  
  32  3:06  Baneling  
  32  3:07  Baneling  
  32  3:17  Drone  
  32  3:18  Drone x3  
  36  3:39  Queen  
  38  3:43  Drone  
  38  3:44  Drone x5  
  38  3:47  Overlord  
  44  3:51  Extractor  
  43  4:01  Evolution Chamber  
  42  4:09  Zergling x8  
  46  4:15  Zergling x2  
  46  4:16  Zergling x10  
  44  4:24  Zergling x2  
  44  4:25  Zergling x2  
  30  4:39  Zergling x4  
  30  4:40  Queen  
  30  4:45  Baneling x4  
  34  4:49  Drone x2  
  36  4:57  Baneling x2  
Show
View Real Time Build Order
Export as new Build Order

Musumeci Zerg - Winner!

Build Orders: Hatch First 

Get SALT Encoding   

  12  0:01  Drone  
  13  0:08  Drone  
  14  0:25  Drone, Extractor  
  15  0:42  Hatchery, Extractor  
  14  0:44  Drone  
  15  0:52  Extractor  
  14  1:01  Spawning Pool  
  13  1:05  Drone  
  14  1:13  Overlord  
  14  1:21  Drone, Extractor  
  15  1:31  Drone x2  
  17  1:38  Drone  
  18  1:47  Queen  
  20  1:56  Metabolic Boost  
  20  2:04  Queen  
  22  2:12  Overlord  
  22  2:18  Baneling Nest  
  22  2:22  Zergling x2  
  22  2:27  Drone  
  24  2:30  Drone  
  24  2:33  Drone  
  25  2:37  Drone  
  25  2:41  Zergling x2  
  27  2:49  Evolution Chamber  
  26  2:53  Zergling x2  
  27  3:06  Zergling x2  
  27  3:07  Zergling x8  
  31  3:31  Zergling x2  
  31  3:32  Zergling x6  
  35  3:38  Overlord  
  35  3:40  Baneling x2  
  35  3:51  Overlord  
  31  4:26  Zergling x28  
  40  4:40  Zergling x8  
  42  4:55  Baneling x3  
  42  4:58  Baneling x2  
  38  5:09  Zergling x12  
  38  5:10  Zergling x2  
Tags
 
Add a new tag
Caveats
  • Supply blocks, unpowered buildings, or Contaminate may cause inaccurate times.
  • Supply counts are checked every 10 seconds.